 Dungeon Crawl Stone Soup version 0.22-a0-346-ga714374 (webtiles) character file.

97 grindst0ne the Covered (level 4, -1/40 HPs)
             Began as a Deep Dwarf Fighter on Apr 6, 2018.
             Slain by an orc wizard
             ... wielding a +0 dagger
              (3 damage)
             ... on level 3 of the Dungeon.
             The game lasted 00:02:02 (1128 turns).

grindst0ne the Covered (Deep Dwarf Fighter)         Turns: 1128, Time: 00:02:02

Health: -1/40      AC:  7    Str: 20    XL:     4   Next: 42%
Magic:  4/4        EV:  7    Int:  9    God:
Gold:   72         SH: 13    Dex: 12    Spells: 3/3 levels left

rFire    . . .     SeeInvis .   a - +0 war axe
rCold    . . .     Gourm    .   c - +0 shield
rNeg     . . .     Faith    .   b - +0 scale mail
rPois    .         Spirit   .   (no helmet)
rElec    .         Reflect  +   (no cloak)
rCorr    .         Harm     .   (no gloves)
MR       .....                  (no boots)
Stlth    ..........             u - +4 amulet of reflection
HPRegen  0.00/turn              (no ring)
MPRegen  0.09/turn              (no ring)

@: non-regenerating
A: damage resistance, heal wounds, sense surroundings 1, no regeneration
a: Heal Wounds


You were on level 3 of the Dungeon.
You were not hungry.

You visited 1 branch of the dungeon, and saw 3 of its levels.

You collected 72 gold pieces.

Inventory:

Hand Weapons
 a - a +0 war axe (weapon)
Armour
 b - a +0 scale mail (worn)
 c - a +0 shield (worn)
Jewellery
 q - an uncursed amulet of rage
 u - a +4 amulet of reflection (around neck)
 v - a +5 amulet of reflection
Wands
 w - a wand of polymorph (17)
Scrolls
 e - a scroll of amnesia {unknown}
 h - a scroll of magic mapping {unknown}
 i - 4 scrolls of identify {unknown}
 n - 2 scrolls of blinking {unknown}
 p - a scroll of fear {unknown}
 r - a scroll of enchant armour {unknown}
 s - 2 scrolls of enchant weapon {unknown}
Potions
 d - a potion of might
 g - a potion of haste {unknown}
 j - a potion of flight {unknown}
 k - a potion of curing {unknown}
 l - a potion of agility {unknown}
 m - a potion of invisibility {unknown}
 o - a potion of mutation {unknown}
 t - a potion of heal wounds {unknown}
Comestibles
 f - 2 rations


   Skills:
 - Level 2.6 Fighting
 + Level 3.4 Axes
 + Level 4.3 Armour
 + Level 4.2 Shields


You had 3 spell levels left.
You didn't know any spells.

Dungeon Overview and Level Annotations

Branches:
Dungeon (3/15)

Altars:
Xom


Innate Abilities, Weirdness & Mutations

You are resistant to damage.
You can heal yourself by infusing magical energy.
You passively map a small area around you.
You do not regenerate.


Message History

You hit something.
You hear some strange, mumbled words.
A puff of flame appears from out of thin air!
The puff of flame hits you!
You hear some strange, mumbled words.
A puff of flame appears from out of thin air!
The puff of flame hits you!
* * * LOW HITPOINT WARNING * * *
You barely miss something. Something hits you but does no damage.
You fail to use your ability.
Something hits you but does no damage.
You closely miss something. Something hits you but does no damage.
Something hits you.
You closely miss something. Something hits you but does no damage.
You closely miss something.
You hear some strange, mumbled words.
Something tries to affect you, but you resist.
Something hits you but does no damage.
Your shield and scale mail prevent you from hitting something.
Something hits you.
You die...

##### #.# ....#
*#######.#####
###.#
............### **
*.######.###.....
* * ##.###..### *
*####........., ,
, #.....###.###**
*...###.....###.#
*.............@{o#
,
#...###.....###g#
## #.....# .# ,*
####### oo , **
.?#,* * * * * g..,
* * * ...# * *
#... , *


You could see an orc and a goblin.

Vanquished Creatures
  A worker ant (D:2)
  A gnoll (D:1)
  An adder (D:2)
  2 worms (D:2)
  2 dart slugs (D:2)
  An orc (D:3)
  5 giant cockroaches
  2 goblins
  6 hobgoblins
  8 jackals
  3 bats
  3 frilled lizards
  3 kobolds
  4 rats
42 creatures vanquished.

Notes
Turn   | Place    | Note
-------+----------+-------------------------------------------
     0 | D:1      | grindst0ne the Deep Dwarf Fighter began the quest for the Orb.
     0 | D:1      | Reached XP level 1. HP: 20/20 MP: 1/1
   104 | D:1      | Reached XP level 2. HP: 27/27 MP: 2/2
   327 | D:1      | Found a shimmering altar of Xom.
   442 | D:1      | Reached XP level 3. HP: 30/33 MP: 3/3
   731 | D:2      | Reached XP level 4. HP: 22/40 MP: 4/4
  1122 | D:3      | HP: 2/40 [something/puff of flame (4)]
  1128 | D:3      | Slain by an orc wizard

Vault maps used:
D:1:      minmay_arrival_cross, hangedman_decor_clover_reticule,
          xom_teletrap_fun
D:3:      due_unseen_surprise, uniq_natasha

Skill      XL: |  1  2  3 |
---------------+----------+-----
Axes           | 3 |  3.4
Armour         | 4 |  4.3
Shields        | 4 |  4.2
Fighting       | |  2.6

Action                   |  1- 3 |  4- 6 || total
-------------------------+-------+-------++-------
Melee: War axe           |   104 |    42 ||   146
  Eat: Chunk             |       |     1 ||     1
Armor: Scale mail        |    50 |    19 ||    69
Dodge: Dodged            |    30 |     7 ||    37
Block: Shield            |    69 |    16 ||    85

Table legend:
 A = Spawn XP
 B = Non-spawn XP
 C = Spawn XP percentage of total XP
 D = Spawn monster count
 E = Non-spawn monster count
 F = Spawn count percentage of total count
 G = Total turns spent on level
                    A         B        C        D         E        F      G
               +---------+---------+-------+---------+---------+-------+---------
         Total |       0 |     139 |   0.0 |       0 |      42 |   0.0 |  1128
               +---------+---------+-------+---------+---------+-------+---------
           D:1 |       0 |      45 |   0.0 |       0 |      20 |   0.0 |   526
           D:2 |       0 |      89 |   0.0 |       0 |      20 |   0.0 |   483
           D:3 |       0 |       5 |   0.0 |       0 |       2 |   0.0 |   119
               +---------+---------+-------+---------+---------+-------+---------
